Map: [EWC] Goldenaura

Players

Serral - Winner!

  • Race: Zerg Zerg
  • Spawn Location: 12:00

Coffee

  • Race: Terran Terran
  • Spawn Location: 5:00

Event: Esports World Cup 2024

VOD

Have the link to the VOD?

Description

Time

  • Played on: Aug. 14, 2024, 10:34 a.m.
  • Length: 12:15

All games in this series

Show
View Real Time Build Order
Export as new Build Order

Serral Zerg - Winner!

Build Orders: Hatch First 

Get SALT Encoding   

  12  0:00  Drone  
  13  0:12  Overlord  
  13  0:17  Drone  
  14  0:31  Drone x2  
  16  0:48  Hatchery  
  15  0:52  Drone  
  15  0:55  Drone  
  17  0:59  Drone  
  18  1:09  Extractor  
  17  1:14  Spawning Pool  
  17  1:17  Drone  
  17  1:20  Drone  
  18  1:29  Drone  
  19  1:39  Drone  
  20  1:51  Drone  
  21  2:00  Queen  
  21  2:01  Zergling x4, Queen  
  27  2:09  Metabolic Boost  
  27  2:10  Overlord  
  27  2:14  Drone  
  28  2:30  Hatchery  
  28  2:31  Extractor  
  28  2:34  Drone  
  28  2:36  Drone  
  28  2:40  Drone x2  
  31  2:47  Queen  
  33  2:52  Overlord  
  33  2:55  Drone  
  33  2:57  Drone  
  35  2:59  Drone  
  36  3:08  Overlord  
  36  3:09  Queen  
  38  3:15  Drone x3  
  38  3:17  Extractor  
  40  3:22  Drone x2  
  42  3:28  Queen  
  42  3:31  Drone x2  
  42  3:33  Spore Crawler  
  46  3:34  Drone  
  46  3:37  Drone  
  49  3:42  Queen  
  49  3:45  Overlord  
  49  3:47  Drone x2  
  53  3:50  Drone x2  
  53  3:53  Drone  
  56  3:59  Zergling x2  
  56  4:00  Roach Warren, Zergling x2  
  57  4:02  Overlord  
  57  4:05  Drone  
  57  4:07  Overlord  
  58  4:10  Drone  
  58  4:16  Drone x2  
  62  4:17  Drone x2  
  62  4:22  Zergling x2  
  62  4:23  Overlord  
  66  4:24  Drone x2  
  66  4:28  Drone, Zergling x2  
  66  4:30  Drone  
  69  4:32  Lair  
  69  4:34  Extractor  
  69  4:38  Drone x3  
  71  4:40  Overlord  
  71  4:41  Drone  
  71  4:42  Drone  
  72  4:47  Extractor  
  72  4:51  Zergling x6  
  74  4:53  Drone  
  74  4:54  Drone, Hatchery  
  74  4:57  Drone x3  
  78  5:02  Overlord  
  78  5:03  Drone  
  78  5:05  Drone  
  80  5:10  Spore Crawler x2  
  80  5:14  Drone x2, Evolution Chamber  
  80  5:15  Evolution Chamber  
  80  5:16  Roach x2  
  80  5:17  Roach  
  80  5:18  Roach  
  86  5:22  Drone x3  
  86  5:27  Drone, Overlord  
  86  5:28  Drone x2  
  92  5:29  Overseer  
  92  5:30  Overseer  
  92  5:34  Glial Reconstitution  
  92  5:35  Extractor x2  
  90  5:36  Extractor  
  90  5:38  Drone x3  
  90  5:39  Drone  
  94  5:42  Drone  
  94  5:48  Drone x2  
  96  5:51  Drone, Zerg Missile Weapons Level 1  
  96  5:56  Drone x5  
  102  5:57  Drone  
  102  5:58  Drone x3  
  102  6:01  Infestation Pit  
  105  6:06  Zerg Ground Armor Level 1  
  105  6:07  Queen  
  105  6:08  Drone x2  
  105  6:09  Overlord  
  109  6:13  Overlord  
  109  6:15  Roach x2  
  109  6:16  Extractor, Roach  
  114  6:18  Drone  
  114  6:21  Baneling Nest  
  114  6:24  Roach x2  
  118  6:26  Overlord x2  
  118  6:33  Roach x4  
  118  6:38  Hive  
  126  6:48  Roach x2  
  126  6:49  Hatchery, Roach x3  
  135  6:58  Zergling x20  
  145  7:04  Zergling x10  
  145  7:07  Centrifugal Hooks  
  150  7:11  Zergling x4  
  150  7:12  Overlord x3  
  150  7:14  Overlord  
  152  7:16  Overlord  
  152  7:25  Overlord x5  
  152  7:33  Ravager x3  
  153  7:40  Drone x4  
  153  7:41  Zergling x14  
  164  7:44  Zergling x10  
  164  7:47  Zerg Melee Weapons Level 1  
  164  7:51  Viper, Zergling x8  
  162  7:53  Viper  
  162  7:56  Adrenal Glands  
  168  7:59  Ravager x3  
  168  8:00  Baneling x2  
  168  8:01  Baneling x2  
  168  8:03  Baneling x4  
  171  8:07  Zergling x8  
  171  8:11  Zergling x2  
  171  8:12  Zergling x6  
  179  8:14  Baneling x5  
  179  8:23  Zergling x20  
  189  8:27  Baneling x2  
  189  8:28  Baneling x7  
  186  8:36  Zergling x18  
  191  8:44  Overlord  
  191  8:46  Baneling x8  
  189  8:57  Zergling x26  
  200  9:02  Ultralisk Cavern  
  200  9:05  Baneling x6  
  200  9:09  Zerg Ground Armor Level 2  
  198  9:23  Zergling x40  
  178  9:28  Zergling x2  
  150  9:32  Zergling x2  
  150  9:34  Zergling x2  
  148  9:39  Baneling x10  
  148  9:40  Zergling x14  
  148  9:42  Zerg Melee Weapons Level 2  
  155  9:45  Zergling x8  
  155  9:49  Roach x2  
  141  9:59  Zergling x4, Roach x2  
  135  10:03  Baneling x10  
  134  10:07  Chitinous Plating  
  134  10:11  Zergling x4, Ultralisk x2  
  148  10:15  Zergling x10  
  146  10:25  Zergling x10, Ultralisk  
  157  10:30  Zergling x10  
  162  10:36  Zergling x6  
  162  10:42  Zergling x6, Ultralisk  
  174  10:46  Baneling  
  171  10:57  Ultralisk  
  171  10:58  Ultralisk  
  183  11:07  Zergling x14, Ultralisk  
  194  11:17  Baneling x7  
  193  11:19  Baneling x2  
  193  11:21  Zergling x2  
  193  11:22  Zergling x10  
  199  11:26  Anabolic Synthesis  
  188  11:34  Zergling x26  
  193  11:40  Zergling x12  
Show
View Real Time Build Order
Export as new Build Order

Coffee Terran 

Build Orders: Reaper Expand, Hellion Banshee 

Get SALT Encoding   

  12  0:00  SCV  
  13  0:12  SCV  
  14  0:16  Supply Depot  
  14  0:24  SCV  
  15  0:38  SCV  
  15  0:40  Barracks  
  16  0:43  Refinery  
  16  0:50  SCV  
  17  1:02  SCV  
  18  1:14  SCV  
  19  1:27  Orbital Command, Reaper  
  20  1:40  Command Center  
  20  1:49  Supply Depot  
  20  1:53  SCV  
  21  1:58  Marine  
  22  2:05  SCV  
  23  2:13  Factory  
  23  2:18  SCV  
  23  2:20  Barracks Reactor  
  24  2:30  SCV  
  25  2:42  SCV  
  26  2:47  Command Center  
  26  2:53  Orbital Command  
  26  2:54  SCV  
  27  3:01  Starport  
  27  3:07  SCV, Refinery  
  28  3:20  Hellion x2  
  28  3:22  Barracks Tech Lab  
  28  3:23  SCV  
  33  3:27  SCV  
  34  3:37  SCV  
  34  3:39  SCV  
  35  3:41  Hellion  
  35  3:42  Hellion  
  35  3:47  Marine, Banshee  
  43  3:51  SCV x2  
  45  3:59  Orbital Command  
  45  4:04  SCV x2  
  45  4:05  Engineering Bay x2  
  45  4:08  Barracks Tech Lab  
  47  4:16  SCV  
  48  4:19  SCV  
  48  4:22  Supply Depot  
  49  4:25  Hellion x2  
  49  4:26  SCV  
  49  4:30  SCV, Banshee  
  49  4:31  SCV  
  59  4:38  Terran Infantry Weapons Level 1, Terran Infantry Armor Level 1, SCV  
  61  4:45  SCV x2  
  61  4:47  Refinery  
  61  4:51  Refinery  
  61  4:52  Barracks  
  62  4:54  Barracks  
  62  4:55  Factory Reactor  
  62  4:58  SCV x2  
  64  5:03  Supply Depot  
  64  5:06  Stimpack  
  64  5:10  Barracks  
  64  5:11  Barracks  
  64  5:14  SCV x2  
  66  5:26  Supply Depot, SCV  
  67  5:30  Barracks  
  67  5:32  Barracks  
  67  5:33  Supply Depot, Barracks  
  67  5:37  Orbital Command  
  67  5:39  Starport Reactor  
  67  5:43  SCV x2  
  67  5:47  Supply Depot  
  67  5:48  Supply Depot  
  69  5:50  Marine x2  
  69  5:51  Marine x2  
  69  5:56  SCV  
  74  5:58  Supply Depot  
  74  6:01  Barracks Reactor x2  
  74  6:04  Siege Tank  
  74  6:06  SCV  
  78  6:12  Marine x4  
  78  6:13  Marine  
  83  6:20  Armory  
  83  6:23  Medivac  
  83  6:24  Medivac  
  83  6:25  Marine x3  
  88  6:30  Supply Depot, Marine  
  91  6:33  Supply Depot  
  91  6:35  SCV x3  
  94  6:40  Marine x4  
  94  6:43  Siege Tank  
  94  6:45  Combat Shield  
  101  6:48  SCV x3  
  101  6:52  Barracks Tech Lab x3  
  104  6:57  Marine x3  
  107  7:02  Marine x2  
  107  7:04  Marine x2  
  111  7:11  Marine x3  
  117  7:15  Marauder  
  117  7:16  Marauder  
  117  7:18  Supply Depot  
  117  7:19  Supply Depot  
  117  7:22  Marine x2  
  118  7:23  Marine x4  
  118  7:24  Siege Tank  
  118  7:25  Medivac x2  
  118  7:26  Marine  
  118  7:29  Marine  
  132  7:30  Supply Depot  
  132  7:31  Terran Infantry Armor Level 2  
  132  7:35  Terran Infantry Weapons Level 2  
  132  7:40  Marine x4  
  132  7:44  Concussive Shells, Marauder  
  136  7:46  Marine  
  136  7:47  Marine x2  
  138  7:52  Marine  
  138  7:53  Marine x3  
  143  7:58  Supply Depot, Marauder  
  143  8:00  Supply Depot  
  143  8:01  Supply Depot  
  143  8:02  Supply Depot  
  143  8:03  Marine  
  143  8:04  Marine x2  
  146  8:06  SCV x2  
  146  8:07  SCV  
  146  8:08  Siege Tank  
  146  8:15  Marine x2  
  146  8:19  Marine x5, Marauder  
  155  8:24  Supply Depot  
  155  8:29  Marine x3  
  155  8:30  Marauder  
  160  8:35  Marine x2  
  160  8:40  Marauder  
  160  8:41  Marine x2  
  165  8:44  Marine x2  
  165  8:45  Supply Depot, Liberator x2  
  172  8:53  Marine x2  
  170  8:58  Marine x2  
  170  8:59  Marine x2  
  170  9:01  Marine x4  
  170  9:02  Siege Tank, Marine  
  177  9:06  Marine  
  178  9:10  Marine  
  178  9:11  Marine  
  178  9:16  Marine x2  
  153  9:28  Medivac  
  153  9:29  Marine  
  153  9:30  Marine x9  
  134  9:34  Siege Tank  
  134  9:36  Marine  
  134  9:37  Marine  
  136  9:47  Marine  
  136  9:48  Marine x7, Marauder x2  
  110  10:00  Marine  
  110  10:01  Marine  
  110  10:05  Marine x2  
  110  10:06  Marauder x2, Medivac x2  
  118  10:08  Marine x2  
  120  10:14  Marine x2  
  120  10:15  Siege Tank  
  121  10:22  Marauder x2  
  121  10:23  Marine x2  
  121  10:28  Marauder  
  129  10:31  Marauder  
  129  10:32  Marine x3  
  134  10:37  Refinery  
  134  10:39  Refinery  
  134  10:40  Command Center  
  134  10:41  Marine  
  134  10:42  Marine  
  136  10:43  Marauder  
  136  10:44  Marauder  
  136  10:46  Medivac x2  
  136  10:49  Marauder  
  142  10:52  Marine x5, Marauder  
  142  10:54  Marine  
  150  10:58  Siege Tank  
  150  10:59  Marine  
  154  11:09  Marine x2  
  154  11:10  Marine  
  157  11:12  SCV x2  
  157  11:13  Factory  
  159  11:20  Marine, Marauder x2  
  159  11:21  Marine x2  
  166  11:28  Liberator  
  166  11:31  Marine x2  
  160  11:44  Marauder x2  
  160  11:45  Marine, Marauder  
  160  11:46  Marine x2  
Tags
 
Add a new tag
Caveats
  • Supply blocks, unpowered buildings, or Contaminate may cause inaccurate times.
  • Supply counts are checked every 10 seconds.